 Dungeon Crawl Stone Soup version 0.17-a0-1519-g2001520 (webtiles) character file.

296 Chiseanne the Magician (level 6, -4/36 HPs)
             Began as a Gargoyle Wanderer on July 13, 2015.
             Slain by an ogre
             ... wielding a cursed -1 giant spiked club
              (23 damage)
             ... on level 4 of the Dungeon.
             The game lasted 00:12:25 (5265 turns).

Chiseanne the Magician (Gargoyle Wanderer)          Turns: 5265, Time: 00:12:25

Health: -4/36      AC: 16    Str: 19    XL:     6   Next: 34%
Magic:  13/13      EV: 11    Int: 10    God:
Gold:   118        SH:  0    Dex: 10    Spells: 1 memorised, 14 levels left

rFire  + . .     SeeInvis .     a - +0 spear (pierce)
rCold  . . .     Clarity  .     h - +1 ring mail {rF+}
rNeg   + . .     SustAt   .     (no shield)
rPois  ∞         Gourm    .     v - +0 helmet
rElec  +         Spirit   .     (no cloak)
rCorr  .         Warding  .     t - +0 pair of gloves
rMut   .         Stasis   .     q - +2 pair of boots
MR     .....                    (no amulet)
Stlth  ..........               (no ring)
                                (no ring)

@: not resistant to hostile enchantments, extremely unstealthy
A: negative energy resistance 1, electricity resistance, unbreathing,
petrification resistance, rot immunity, AC +4
a: no special abilities


You were on level 4 of the Dungeon.
You were not hungry.

You visited 1 branch of the dungeon, and saw 4 of its levels.

You collected 118 gold pieces.

Inventory:

Hand weapons
 a - a +0 spear of piercing (weapon)
Missiles
 g - 51 sling bullets
 m - 69 bolts
 n - 24 arrows
 o - 9 poisoned needles
Armour
 h - a +1 ring mail of fire resistance (worn)
 q - a +2 pair of boots (worn)
 r - a +0 large shield
 t - a +0 pair of gloves (worn)
 v - a +0 helmet (worn)
Scrolls
 e - a scroll of blinking
 l - a scroll of amnesia
 p - 4 scrolls of identify
Potions
 j - a potion of magic
Books
 i - a book of Minor Magic

   Spells                             Type                      Level
   a - Magic Dart                     Conjuration                  1
   b - Blink                          Translocation                2
   c - Call Imp                       Summoning                    2
   d - Repel Missiles                 Charms/Air                   2
   e - Slow                           Hexes                        2
   f - Conjure Flame                  Conjuration/Fire             3
   g - Mephitic Cloud                 Conjuration/Poison/Air       3
Comestibles
 c - 2 chunks of flesh
 d - 2 slices of pizza
 f - a bread ration
 k - 2 meat rations
 u - 3 beef jerkies


   Skills:
 * Level 2.5 Fighting
 * Level 2.4 Armour
 - Level 1.9 Dodging
 - Level 1.1 Shields
 * Level 5.3 Spellcasting
 + Level 3.0 Conjurations
   Level 2.0 Fire Magic
   Level 1.0 Evocations


You had 14 spell levels left.
You knew the following spells:

 Your Spells              Type           Power        Failure   Level  Hunger
a - Magic Dart            Conj           #...         14%         1    None


Dungeon Overview and Level Annotations

Branches:
Dungeon (4/15)
 Temple: D:4-7

Altars:
Nemelex Xobeh

Shops:
D:4 *


Innate Abilities, Weirdness & Mutations

You are resistant to torment.
Your stone body is resilient (AC +4).
You are immune to poison.
You resist negative energy.
You are resistant to electric shocks.
You can survive without breathing.
You are immune to petrification.
You are immune to rotting.


Message History

The hobgoblin is heavily wounded.
The ogre completely misses you. The hobgoblin misses you.
You hit the hobgoblin.
You kill the hobgoblin!
The ogre hits you with a giant spiked club!
You hit the ogre.
The ogre is lightly wounded.
The ogre hits you with a giant spiked club!
* * * LOW HITPOINT WARNING * * *
Drink which item? (? for menu, Esc to quit)
You feel better.
Evoke which item? (* to show all) (? for menu, Esc to quit)
Okay, then.
Read which item? (? for menu, Esc to quit)
Okay, then.
You barely miss the ogre.
The ogre is lightly wounded.
The ogre hits you with a giant spiked club!!
Ouch! That really hurt!
You die...

#### #. ###....###
#..##........###
#.#...........###
##...............###
#...............)..##
##...................#
.∩....)†.......<....#
.......O@..........##
##...>...........###
###............##
#...........##
#....####....## ...##
###..### ...# ##...#
### ###.# ###


You could see an ogre.

Vanquished Creatures
  An orc priest (D:3)
  Robin (D:3)
  7 gnolls
  6 adders
  An ooze (D:3)
  5 worms
  2 giant geckos (D:3)
  11 orcs (D:3)
  7 bats
  6 giant cockroaches
  13 hobgoblins
  6 jackals (D:3)
  3 quokkas (D:3)
  7 giant newts
  17 goblins
  6 kobolds
  5 rats
104 creatures vanquished.

Notes
Turn   | Place    | Note
--------------------------------------------------------------
     0 | D:1      | Chiseanne the Gargoyle Wanderer began the quest for the Orb.
     0 | D:1      | Chiseanne set off with: a book of Minor Magic, a potion of curing, a potion of lignification, a +0 robe, a +0 club, a bread ration
     0 | D:1      | Reached XP level 1. HP: 10/10 MP: 5/5
    26 | D:1      | Learned a level 1 spell: Magic Dart
   532 | D:1      | Reached XP level 2. HP: 15/15 MP: 4/7
  1591 | D:2      | Reached XP level 3. HP: 13/20 MP: 1/9
  2007 | D:2      | Reached skill level 1 in Fighting
  2007 | D:2      | Reached skill level 1 in Armour
  2044 | D:1      | Reached XP level 4. HP: 3/25 MP: 8/10
  2694 | D:2      | Reached skill level 1 in Dodging
  3090 | D:2      | Reached XP level 5. HP: 29/29 MP: 1/12
  3942 | D:3      | Noticed Robin
  3972 | D:3      | Killed Robin
  3972 | D:3      | Reached skill level 5 in Spellcasting
  4832 | D:3      | Reached XP level 6. HP: 34/36 MP: 6/13
  5177 | D:3      | Found a sparkling altar of Nemelex Xobeh.
  5251 | D:4      | Found Ossecs's Assorted Antiques.
  5265 | D:4      | Slain by an ogre

Vault maps used:
D:1:      minmay_arrival_solitary_statue
D:3:      minivault_25, nemelex_dance_club_becter, uniq_robin
D:4:      serial_shops, shop, uniq_natasha, uniq_grinder

Action                   |  1- 3 |  4- 6 || total
-------------------------+-------+-------++-------
Melee: Club              |    19 |       ||    19
       Hand axe          |    58 |       ||    58
       Dagger            |    59 |   382 ||   441
       Spear             |       |    57 ||    57
 Cast: Magic Dart        |    33 |   126 ||   159
  Use: Scroll            |     6 |     4 ||    10
       Potion            |       |     3 ||     3
  Eat: Chunk             |     4 |    11 ||    15
